 Dungeon Crawl Stone Soup version 0.16-a0-1320-gb5a7ef2 (webtiles) character file.

8 Charly the Scratcher (level 2, 6/12 HPs)
             Began as a Felid Transmuter on Oct 16, 2014.
             Quit the game on level 1 of the Dungeon.
             The game lasted 00:03:15 (450 turns).

Charly the Scratcher (Felid Transmuter)              Turns: 450, Time: 00:03:15

Health: 6/12       AC:  1    Str:  6    XL:     2   Next: 0%
Magic:  5/5        EV: 18    Int: 14    God:
Gold:   28         SH:  0    Dex: 16    Spells: 1 memorised, 4 levels left
                                        Lives:  0   Deaths: 0

rFire  . . .     SeeInvis +       - Unarmed
rCold  . . .     Clarity  .     (armour unavailable)
rNeg   . . .     SustAb   .     (shield unavailable)
rPois  .         Gourm    .     (helmet unavailable)
rElec  .         Spirit   .     (cloak unavailable)
rCorr  .         Warding  .     (gloves unavailable)
rMut   .         Stasis   .     (boots unavailable)
MR     .....                    (no amulet)
Stlth  ++........               (no ring)
                                (no ring)

@: quick, not resistant to hostile enchantments, unstealthy
A: paw claws, no armour, no weapons or thrown items, fangs 3, see invisible,
carnivore 3, speed 1, shaggy fur 1, slow metabolism 1
a: no special abilities


You were on level 1 of the Dungeon.
You were not hungry.

You visited 1 branch of the dungeon, and saw 1 of its levels.

You collected 28 gold pieces.

Inventory:

Missiles
 b - 12 arrows
Scrolls
 e - a scroll of magic mapping {unknown}
 f - a scroll of teleportation {unknown}
Potions
 c - a potion of magic {unknown}
Books
 d - a book of Changes

   Spells                             Type                      Level
   *Beastly Appendage                 Transmutation                1
   Sticks to Snakes                   Transmutation                2
   Spider Form                        Transmutation/Poison         3
   Ice Form                           Ice/Transmutation            4
   Blade Hands                        Transmutation                5
Comestibles
 a - a meat ration


   Skills:
 - Level 1.0 Fighting
 - Level 2.6 Dodging
 + Level 3.2 Unarmed Combat
 - Level 2.0 Spellcasting
 + Level 2.6 Transmutations


You had 4 spell levels left.
You knew the following spells:

 Your Spells              Type           Power        Failure   Level  Hunger
b - Beastly Appendage     Trmt           #.....       10%         1    ##.....


Dungeon Overview and Level Annotations

Branches:
Dungeon (1/15)

Altars:


Innate Abilities, Weirdness & Mutations

You cannot wear armour.
You are incapable of wielding weapons or throwing items.
Your paws have sharp claws.
You have razor-sharp teeth.
You have supernaturally acute eyesight.
You are carnivorous and can eat meat at any time.
You cover ground quickly.
You are covered in fur (AC +1).
You have a slow metabolism.


Message History

The giant cockroach misses you.
You barely miss the giant cockroach. Your bite misses the giant cockroach.
The giant cockroach completely misses you.
You scratch the giant cockroach.
You kill the giant cockroach!
You barely miss the goblin. The goblin barely misses you.
The giant gecko hisses menacingly.
You scratch the giant gecko but do no damage.
You bite the giant gecko, but do no damage.
The giant gecko misses you. x2
Sorry, you're not good enough to have a special ability.
The giant gecko misses you.
The giant gecko hisses menacingly.
The giant gecko bites you.
You claw the giant gecko!
You kill the giant gecko!
You closely miss the goblin. You bite the goblin.
You kill the goblin!
You have reached level 2!
Are you sure you want to abandon this character and quit the game? (Confirm with "yes".)

....................#.#........#
#############.#.....#.#......>.##
#......##.#.#..........
#.#....##.#.#..........
#.##...##.#.....#.#....
#.##...##.#####.#......
#......##.# #.#.#.... #......#..#
#........ #.####@#..### ###......
#...........# #..#...
######.#.##.#####..#...
#.#.##.%..........
#.#.#..#.##....>..
#.#.#.##.#......#.
#.#...##.#..#.....
#.######.#.)#.....
#........#..#.####


There were no monsters in sight!

Vanquished Creatures
  2 giant geckos (D:1)
  A giant cockroach (D:1)
  2 goblins (D:1)
  A rat (D:1)
6 creatures vanquished.

Notes
Turn   | Place    | Note
--------------------------------------------------------------
     0 | D:1      | Charly, the Felid Transmuter, began the quest for the Orb.
     0 | D:1      | Reached XP level 1. HP: 9/9 MP: 4/4
   449 | D:1      | Reached XP level 2. HP: 6/12 MP: 5/5
   450 | D:1      | Quit the game

Action                   || total
-------------------------++-------
Melee: Unarmed           ||    18
 Cast: Beastly Appendage ||     1
 Stab: Sleeping          ||     1
  Eat: Chunk             ||     1
